 Dungeon Crawl Stone Soup version 0.20-a0-972-gb9bd3e6 (webtiles) character file.

5423 nikopol the Fighter (level 10, 0/66 HPs)
             Began as a Gargoyle Berserker on Apr 9, 2017.
             Was an Elder of Trog.
             Slain by a wolf (5 damage)
             ... led by Grum
             ... on level 8 of the Dungeon.
             The game lasted 00:18:12 (8259 turns).

nikopol the Fighter (Gargoyle Berserker)            Turns: 8259, Time: 00:18:14

Health: 0/66       AC: 20    Str: 22    XL:     10   Next: 67%
Magic:  10/10      EV: 13    Int:  8    God:    Trog [****..]
Gold:   240        SH:  3    Dex: 11    Spells: 9/9 levels left

rFire    . . .     SeeInvis .   a - +0 war axe (pain)
rCold    . . .     Gourm    .   (no shield)
rNeg     + + .     Faith    .   R - +1 scale mail {rN+}
rPois    ∞         Spirit   .   n - +0 helmet
rElec    +         Reflect  +   y - +0 cloak {+Inv}
rCorr    .         Harm     .   (no gloves)
MR       .....                  O - +0 pair of boots (curse)
Stlth    ..........             J - +3 amulet of reflection
Regen    0.3/turn               (no ring)
MPRegen  0.2/turn               (no ring)

@: exhausted, slowed, very slow
A: negative energy resistance 1, electricity resistance, unbreathing,
petrification resistance, rot immunity, AC +7
a: Berserk, Trog's Hand, Brothers in Arms, Burn Spellbooks, Renounce Religion,
Evoke Invisibility


You were on level 8 of the Dungeon.
You worshipped Trog.
Trog was greatly pleased with you.
You were hungry.

You visited 1 branch of the dungeon, and saw 8 of its levels.
You also visited: Sewer.

You collected 377 gold pieces.
You spent 137 gold pieces at shops.

Inventory:

Hand Weapons
 a - a +0 war axe of pain (weapon)
 z - a +1 shortbow of flaming
Missiles
 D - 76 arrows (quivered)
Armour
 n - a +0 helmet (worn)
 y - a +0 cloak of invisibility (worn)
 O - a cursed +0 pair of boots (worn)
 R - a +1 scale mail of positive energy (worn)
Jewellery
 J - a +3 amulet of reflection (around neck)
Scrolls
 e - a scroll of random uselessness {unknown}
 g - 7 scrolls of remove curse {unknown}
 i - 8 scrolls of identify
 j - 2 scrolls of amnesia {unknown}
 o - a scroll of magic mapping
 r - 2 scrolls of fog {unknown}
 u - 4 scrolls of recharging {unknown}
 v - a scroll of enchant weapon {unknown}
 E - a scroll of immolation {unknown}
 F - a scroll of blinking {unknown}
 K - 6 scrolls of teleportation
 P - a scroll of summoning {unknown}
Potions
 d - 6 potions of flight {unknown}
 f - 5 potions of agility {unknown}
 l - a potion of haste {unknown}
 p - 2 potions of brilliance {unknown}
 q - a potion of mutation {unknown}
 s - 3 potions of heal wounds
 A - 2 potions of lignification {unknown}
 C - 4 potions of curing {unknown}
 G - a potion of berserk rage {unknown}
 I - a potion of ambrosia {unknown}
 L - a potion of degeneration {unknown}
 M - 2 potions of magic {unknown}
Books
 x - a book of Battle

   Spells                             Type                      Level
   a - Infusion                       Charms                       1
   b - Shroud of Golubria             Charms/Translocation         2
   c - Song of Slaying                Charms                       2
   d - Spectral Weapon                Hexes/Charms                 3
   e - Regeneration                   Charms/Necromancy            3
   Trog disapproves of the use of such an item.
Comestibles
 c - 8 bread rations
 h - 6 royal jellies
 B - 5 fruits
 H - 3 meat rations
 Q - 2 chunks of flesh


   Skills:
 + Level 9.4 Fighting
 + Level 7.4 Axes
 + Level 8.4 Armour
 + Level 7.0 Dodging


You had 9 spell levels left.
You didn't know any spells.

Dungeon Overview and Level Annotations

Branches:
Dungeon (8/15)             Temple (0/1) D:5            Lair (0/6) D:8

Altars:
Ashenzari
Cheibriados
Fedhas
Gozag
Vehumet
Wu Jian
Xom
The Shining One

Shops:
D:5 ?%


Innate Abilities, Weirdness & Mutations

You are resistant to torment.
Your stone body is resilient. (AC +7)
You are immune to poison.
You resist negative energy. (rN+)
You are resistant to electric shocks. (rElec)
You can survive without breathing.
You are immune to petrification.
You are immune to rotting.


Message History

* * * LOW HITPOINT WARNING * * *
The wolf closely misses you. The wolf completely misses you.
You closely miss the wolf. You block the wolf's attack. The wolf misses you.
The wolf bites you but does no damage.
Your skin crawls.
You feel resistant to hostile enchantments.
You feel somewhat more hungry. The wolf bites you but does no damage.
The wolf bites you.
* * * LOW HITPOINT WARNING * * *
The wolf bites you but does no damage. The wolf barely misses you.
You feel the effects of Trog's Hand fading.
You block the wolf's attack. The wolf barely misses you.
The wolf closely misses you. The wolf bites you!
* * * LOW HITPOINT WARNING * * *
Your skin stops crawling.
You feel less resistant to hostile enchantments.
The wolf bites you but does no damage. x2
The wolf bites you but does no damage. The wolf bites you.
You die...

### ###### #.. ..##.# #.#
#.##.############ #.#
#.#.............##
####.###.#..####........#
#........#..##....#####.#
#....##..#..#........##.########
#........../.=)...##.##.#.......
##..#..........#@.##.##.'.......
##..†.......#.##h.##.##.#.......
............#.##.)......#.......
##.###......#.##..##.##.#####'###
#...............................
#..##...........................
#..##..............†###^######..
#..##......####.###)# #...
##.>............_. ... ......


You could see a wolf.

Vanquished Creatures
  A two-headed ogre (D:7)
  Pikel (D:4)
  Grinder (D:5)
  3 hogs (D:7)
  Grum (D:8)
  A human (D:7)
  A yak (D:7)
  Menkaure (D:4)
  A water moccasin (D:8)
  Duvessa (D:5)
  2 orc warriors
  A slave (D:4)
  2 ice beasts
  5 ogres
  Purgy (Sewer)
  A black bear (D:6)
  4 centaurs
  A wolf (D:8)
  A big kobold (D:7)
  A gnoll sergeant (D:5)
  Dowan (D:5)
  4 scorpions
  2 howler monkeys (D:6)
  4 crimson imps
  A bullfrog skeleton (D:6)
  Crazy Yiuf (D:4)
  5 hounds
  5 orc priests
  3 orc wizards
  2 centaur skeletons
  2 iguanas
  5 worker ants
  A howler monkey zombie (D:5)
  5 gnolls (D:5)
  7 adders
  A shadow imp (D:6)
  4 oozes
  An adder zombie (D:5)
  3 worms
  2 dart slugs (D:1)
  4 leopard geckos
  31 orcs
  3 ball pythons
  8 giant cockroaches
  9 goblins
  9 hobgoblins
  5 jackals
  2 quokkas (D:4)
  7 bats
  5 frilled lizards
  11 kobolds
  11 rats
  4 fungi (D:4)
199 creatures vanquished.

Vanquished Creatures (others)
  A centaur (D:5)
  An orc priest (D:4)
  A giant cockroach (D:4)
  A frilled lizard (D:4)
4 creatures vanquished.

Grand Total: 203 creatures vanquished

Notes
Turn   | Place    | Note
-------+----------+-------------------------------------------
     0 | D:1      | nikopol the Gargoyle Berserker began the quest for the Orb.
     0 | D:1      | Reached XP level 1. HP: 14/14 MP: 1/1
   219 | D:1      | Reached XP level 2. HP: 14/19 MP: 2/2
   531 | D:1      | Reached XP level 3. HP: 23/23 MP: 3/3
  1355 | D:2      | Found a faded altar of an unknown god.
  1603 | D:2      | Reached XP level 4. HP: 29/29 MP: 4/4
  1673 | D:2      | Reached skill level 4 in Fighting
  1958 | D:2      | Found a shimmering altar of Xom.
  2116 | D:3      | Reached ** piety under Trog
  2141 | D:3      | Found an ornate altar of the Wu Jian Council.
  2215 | D:3      | Found an opulent altar of Gozag.
  2596 | D:3      | Reached XP level 5. HP: 11/34 MP: 5/5
  3086 | D:3      | Found a glowing golden altar of the Shining One.
  3275 | D:4      | Found a shattered altar of Ashenzari.
  3330 | D:4      | Noticed an ogre
  3343 | D:4      | Killed an ogre
  3343 | D:4      | Reached XP level 6. HP: 36/40 MP: 6/6
  3538 | D:4      | Reached *** piety under Trog
  3671 | D:4      | Reached skill level 5 in Fighting
  3879 | D:4      | Noticed a slave
  3905 | D:4      | Killed a slave
  3921 | D:4      | Noticed Pikel
  3932 | D:4      | Noticed a slave
  3935 | D:4      | Noticed a slave
  3937 | D:4      | Noticed a slave
  3947 | D:4      | Killed Pikel
  3947 | D:4      | Reached XP level 7. HP: 45/45 MP: 7/7
  4026 | D:4      | Found a runed door.
  4030 | D:4      | Noticed Crazy Yiuf
  4035 | D:4      | Killed Crazy Yiuf
  4132 | D:4      | Reached skill level 5 in Armour
  4157 | D:4      | Noticed Menkaure
  4162 | D:4      | Killed Menkaure
  4162 | D:4      | Reached skill level 6 in Fighting
  4162 | D:4      | Reached XP level 8. HP: 51/51 MP: 8/8
  4246 | D:4      | Found a radiant altar of Vehumet.
  4645 | D:5      | Entered Level 5 of the Dungeon
  4645 | D:5      | Found a blossoming altar of Fedhas.
  4653 | D:5      | Reached skill level 5 in Axes
  4922 | D:5      | Noticed Dowan
  4923 | D:5      | Noticed Duvessa
  4930 | D:5      | Killed Dowan
  4936 | D:5      | Killed Duvessa
  5075 | D:5      | Found a staircase to the Ecumenical Temple.
  5158 | D:5      | Noticed Grinder
  5165 | D:5      | Reached skill level 7 in Fighting
  5165 | D:5      | Reached skill level 5 in Dodging
  5165 | D:5      | Reached XP level 9. HP: 52/57 MP: 9/9
  5183 | D:5      | Paralysed by Grinder for 3 turns
  5190 | D:5      | Paralysed by Grinder for 5 turns
  5215 | D:5      | Reached **** piety under Trog
  5217 | D:5      | Killed Grinder
  5605 | D:5      | Found Fuosoat's Magic Scroll Shop.
  5610 | D:5      | Bought a scroll of magic mapping for 38 gold pieces
  5680 | D:5      | Bought a scroll of teleportation for 33 gold pieces
  5680 | D:5      | Bought 2 scrolls of teleportation for 66 gold pieces
  5795 | D:5      | Found Siats's Food Boutique.
  5946 | D:6      | Found a glowing drain.
  5953 | Sewer    | Entered a sewer
  6042 | Sewer    | Noticed Purgy
  6058 | Sewer    | Killed Purgy
  6495 | D:6      | Reached skill level 8 in Fighting
  7197 | D:7      | Reached XP level 10. HP: 57/65 MP: 10/10
  7278 | D:7      | Noticed a two-headed ogre
  7293 | D:7      | Killed a two-headed ogre
  7298 | D:7      | Reached skill level 9 in Fighting
  7987 | D:8      | Found a staircase to the Lair.
  8150 | D:8      | Found a snail-covered altar of Cheibriados.
  8228 | D:8      | Noticed Grum
  8248 | D:8      | Killed Grum
  8259 | D:8      | Slain by a wolf

Vault maps used:
D:1:      kilobyte_arrival_exit_the_forest, minmay_misc_feat_four_crosses
D:2:      lemuel_round_altar, first_bread, chequers_ecumenical_altar_twisty
D:3:      tso_altar, lemuel_doored_altar, grunt_gozag_breadcrumbs,
          grunt_ministairs_11
D:4:      vehumet_altar_wand_db, cheibrodos_ashenzari_chains,
          uniq_crazy_yiuf_cottage, uniq_pikel, uniq_menkaure
D:5:      fedhas_altar_3, minmay_temple_entry_statues_pillars, serial_shops,
          kennysheep_little_box, shop, uniq_duvessa, uniq_grinder
D:6:      portal_sewer_entry_b
D:7:      corexii_corridor_pit, grunt_livestock
D:8:      kennysheep_mini, lemuel_crystal_altar, dpeg_oklobed_lair, uniq_grum
Sewer:    sewer_co_purgy_island

Skill      XL: |  1  2  3  4  5  6  7  8  9 10 |
---------------+-------------------------------+-----
Dodging        | 2 3 4 5 6 7 |  7.0
Axes           | 3 4 5 6 7 |  7.4
Fighting       | 4 5 6 7 8 9 |  9.4
Armour         | 3 4 5 6 7 8 |  8.4

Action                   |  1- 3 |  4- 6 |  7- 9 | 10-12 || total
-------------------------+-------+-------+-------+-------++-------
Melee: Hand axe          |   109 |   148 |    76 |       ||   333
       War axe           |       |    46 |   196 |    90 ||   332
 Fire: Shortbow          |       |       |    77 |    45 ||   122
Invok: Berserk           |       |     4 |     8 |     2 ||    14
       Burn Spellbooks   |       |     1 |       |       ||     1
       Trog's Hand       |       |       |       |     1 ||     1
  Use: Scroll            |       |       |     2 |       ||     2
  Eat: Chunk             |     2 |     9 |    17 |     4 ||    32
       Royal jelly       |       |     1 |     1 |       ||     2
Armor: Animal skin       |    32 |       |       |       ||    32
       Ring mail         |    12 |    53 |       |       ||    65
       Scale mail        |       |    44 |   158 |    58 ||   260
Dodge: Dodged            |    59 |   113 |   206 |    56 ||   434
Block: Other             |       |       |    22 |    14 ||    36
       Reflection        |       |       |     5 |       ||     5
